 Dungeon Crawl Stone Soup version 0.24.0-13-gcf9b319 (webtiles) character file.

Game seed: 6287624779201705189, levelgen mode: deterministic

0 Fang the Skirmisher (level 1, -1/14 HPs)
             Began as a Gargoyle Berserker on Nov 19, 2019.
             Was a Follower of Trog.
             Slain by a leopard gecko (4 damage)
             ... on level 1 of the Dungeon.
             The game lasted 00:00:37 (122 turns).

Fang the Skirmisher (Gargoyle Berserker)             Turns: 122, Time: 00:00:38

Health: -1/14      AC:  4    Str: 20    XL:     1   Next: 10%
Magic:  1/1        EV: 12    Int:  7    God:    Trog [*.....]
Gold:   37         SH:  0    Dex:  9    Spells: 0/0 levels left

rFire    . . .     SeeInvis .   a - +0 hand axe
rCold    . . .     Gourm    .   (no shield)
rNeg     + . .     Faith    .   b - +0 animal skin
rPois    ∞         Spirit   .   (no helmet)
rElec    +         Reflect  .   (no cloak)
rCorr    .         Harm     .   (no gloves)
MR       .....                  (no boots)
Stlth    +.........             (no amulet)
HPRegen  0.04/turn              (no ring)
MPRegen  0.07/turn              (no ring)

@: no status effects
A: negative energy resistance 1, electricity resistance, unbreathing,
petrification resistance, rot immunity, AC +2
a: Berserk, Renounce Religion


You were on level 1 of the Dungeon.
You worshipped Trog.
Trog was aware of your devotion.
You were not hungry.

You visited 1 branch of the dungeon, and saw 1 of its levels.

You collected 37 gold pieces.

Inventory:

Hand Weapons
 a - a +0 hand axe (weapon)
Armour
 b - a +0 animal skin (worn)
Jewellery
 f - an uncursed ring of poison resistance {unknown}
Scrolls
 d - a scroll of teleportation {unknown}
Potions
 e - a potion of curing {unknown}
Comestibles
 c - 2 rations


   Skills:
 + Level 3.3 Fighting
 + Level 2.7 Axes
 + Level 2.2 Armour
 + Level 1.5 Dodging


You couldn't memorise any spells.
You didn't know any spells.
Your spell library was empty.

Dungeon Overview and Level Annotations

Branches:
Dungeon (1/15)

Altars:


Innate Abilities, Weirdness & Mutations

You are resistant to torment.
Your stone body is resilient. (AC +2)
You are immune to poison.
You resist negative energy. (rN+)
You are resistant to electric shocks. (rElec)
You can survive without breathing.
You are immune to petrification.
You are immune to rotting.


Message History

A leopard gecko comes into view.
A leopard gecko is nearby!
The leopard gecko misses you. The leopard gecko bites you.
You hit the leopard gecko but do no damage.
The leopard gecko bites you.
You closely miss the leopard gecko. The leopard gecko bites you.
You are too injured to fight recklessly!
You are too injured to fight recklessly!
You are too injured to fight recklessly!
You are too injured to fight recklessly!
You are too injured to fight recklessly!
You are too injured to fight recklessly!
You are too injured to fight recklessly!
You are too injured to fight recklessly!
You are too injured to fight recklessly!
You hit the leopard gecko but do no damage.
The leopard gecko bites you.
* * * LOW HITPOINT WARNING * * *
The leopard gecko bites you.
You die...

########### #.........#
#.#######.# #.#######.#
#.##...##.###### ## #
#.##...........###.##...
#.##...##.###...#.......
#.###.###.# #...@l....#
#.........# #...#....##
#####.##### ######.#.#
#.# .# .. # #.# # # #
#.# #####.#####
..#.......# #.#.#..#..#


You could see a leopard gecko.

Vanquished Creatures
  A frilled lizard (D:1)
1 creature vanquished.

Notes
Turn   | Place    | Note
-------+----------+-------------------------------------------
     0 | D:1      | Fang the Gargoyle Berserker began the quest for the Orb.
     0 | D:1      | Reached XP level 1. HP: 14/14 MP: 1/1
     2 | D:1      | Noticed a formicid
     2 | D:1      | Noticed a demonspawn
     4 | D:1      | Noticed a minotaur
     6 | D:1      | Noticed a halfling
     6 | D:1      | Noticed an ogre
     8 | D:1      | Noticed a merfolk
     8 | D:1      | Noticed a centaur
    10 | D:1      | Noticed a ghoul
    10 | D:1      | Noticed a gargoyle
    12 | D:1      | Noticed a vampire
    12 | D:1      | Noticed an elf
    14 | D:1      | Noticed a demigod
    14 | D:1      | Noticed a tengu
    16 | D:1      | Noticed a vine stalker
    19 | D:1      | Noticed a spriggan
    21 | D:1      | Noticed a dwarf
    21 | D:1      | Noticed an octopode
    23 | D:1      | Noticed a troll
    23 | D:1      | Noticed a felid
    25 | D:1      | Noticed a naga
    27 | D:1      | Noticed a draconian
    27 | D:1      | Noticed a human
   122 | D:1      | Slain by a leopard gecko

Levels and vault maps discovered:
D:1:      kb_arrival_jail, layout_loops_corners, item_on_display_b

Action                   || total
-------------------------++-------
Melee: Hand axe          ||     5
Armor: Animal skin       ||     2
Dodge: Dodged            ||     1
